 Dungeon Crawl Stone Soup version 0.30-a0-568-g124715a40b (webtiles) character file.

Game seed: 1348791695687270778

49 Newt the Sneak (level 3, 0/27 HPs)
             Began as a Demonspawn Gladiator on Dec 28, 2022.
             Succumbed to an adder's poison
             ... on level 2 of the Dungeon.
             The game lasted 00:01:27 (1242 turns).

Newt the Sneak (Demonspawn Gladiator)               Turns: 1242, Time: 00:01:28

Health: 0/27       AC:  4    Str: 14 (16) XL:     3   Next: 51%
Magic:  3/3        EV: 11    Int:  8 (9)  God:
Gold:   57         SH:  3    Dex: 12 (14) Spells: 2/2 levels left

rFire   . . .      SeeInvis .    l - +1 short sword (drain)
rCold   . . .      Faith    .    h - +0 buckler
rNeg    . . .      Spirit   .    b - +0 leather armour
rPois   .          Reflect  .    c - +0 helmet
rElec   .          Harm     .    (no cloak)
rCorr   .          Rampage  .    (no gloves)
Will    .....                    (no boots)
Stlth   ++                       (no amulet)
HPRegen 0.24/turn                (no ring)
MPRegen 0.08/turn                (no ring)

@: lethally poisoned (0 -> -3), attractive
A: demonic touch 1
a: no special abilities


You were on level 2 of the Dungeon.
You visited 1 branch of the dungeon, and saw 2 of its levels.

You collected 57 gold pieces.

Inventory:

Hand Weapons
 a - a +0 rapier
 l - a +1 short sword of draining (weapon)
Missiles
 e - a javelin (quivered)
 n - 3 boomerangs
 o - 2 curare-tipped darts
Armour
 b - a +0 leather armour (worn)
 c - a +0 helmet (worn)
 h - a +0 buckler (worn)
Scrolls
 f - a scroll of fear {unknown}
 k - a scroll of brand weapon {unknown}
 m - a scroll of acquirement {unknown}
Potions
 j - a potion of haste {unknown}
 p - a potion of curing {unknown}


   Skills:
 - Level 2.0 Fighting
 - Level 2.6 Short Blades
 + Level 2.1 Throwing
 - Level 2.6 Dodging
 - Level 3.0 Stealth


You had 2 spell levels left.
You didn't know any spells.
Your spell library was empty.

Dungeon Overview and Level Annotations

Branches:
Dungeon (2/15)

Altars:

Shops:
D:1 :


Innate Abilities, Weirdness & Mutations

Your touch may inflict minor irresistible damage on your foes.


Message History

The bat hits you but does no damage. The adder bites you.
You closely miss the adder.
The adder is heavily wounded.
The adder bites you.
You are poisoned.
The adder poisons you! You block the bat's attack.
You barely miss the adder.
The adder is heavily wounded.
You feel sick. The bat hits you but does no damage. The adder bites you.
* * * LOW HITPOINT WARNING * * *
You are more poisoned.
The adder poisons you! The adder misses you.
Throw: 2 throwing nets
Press: ? - help, Q - select action, (/) - cycle Shift-Dir - straight line, f - adder
Aim: an adder (heavily wounded, heavily drained, 42% to hit)
You throw a throwing net.
The throwing net barely misses the adder.
You feel sick. The adder misses you.
You closely miss the adder.
The adder is heavily wounded.
You feel sick. The bat hits you.
* * * LOW HITPOINT WARNING * * *
The bat hits you but does no damage. The adder barely misses you.
Throw: throwing net
Press: ? - help, Q - select action, (/) - cycle Shift-Dir - straight line, f/p - adder
Aim: an adder (heavily wounded, heavily drained, 42% to hit)
You throw a throwing net. The throwing net misses the adder.
You feel sick. You block the bat's attack. The adder bites you.
* * * LOW HITPOINT WARNING * * *
You are more poisoned.
The adder poisons you! The bat closely misses you.
It was a potion of attraction.
You feel attractive to monsters.
* * * LOW HITPOINT WARNING * * *
You feel sick. The bat hits you but does no damage.
The adder barely misses you. The bat is attracted toward you.
It was a potion of degeneration.
There was something very wrong with that liquid.
You feel weakened.
You feel dopey.
You feel clumsy.
You die...

########...# #
#.......## #
#.####### # #...# #
#..†# # ####...####
# #.......$.#
#######...†........
.......@b.......###
......S..§...##.#
########.#...# .#
#.#...# # #.#####
... ... ...#


You could see an adder (very drained) and a bat.

Vanquished Creatures
  A gnoll (D:1)
  An adder (D:2)
  A dart slug (D:1)
  2 ball pythons (D:1)
  2 bats (D:1)
  2 endoplasms
  2 giant cockroaches (D:1)
  4 hobgoblins (D:1)
  6 kobolds
  3 frilled lizards
  5 rats
29 creatures vanquished.

Notes
Turn   | Place    | Note
-------+----------+-------------------------------------------
     0 | D:1      | Newt the Demonspawn Gladiator began the quest for the Orb.
     0 | D:1      | Reached XP level 1. HP: 16/16 MP: 1/1
    94 | D:1      | Reached skill level 1 in Stealth
    94 | D:1      | Gained mutation: Your touch may inflict minor irresistible
                  | damage on your foes. [demonic ancestry]
    94 | D:1      | Reached XP level 2. HP: 9/22 MP: 2/2
   469 | D:1      | Reached skill level 2 in Stealth
   782 | D:1      | Reached XP level 3. HP: 27/27 MP: 3/3
   826 | D:1      | Found Rocof's Book Emporium.
  1202 | D:2      | Reached skill level 3 in Stealth
  1241 | D:2      | HP: 1/27 [poisoned by an adder]
  1242 | D:2      | Succumbed to an adder's poison

Illustrated notes

Levels and vault maps discovered:
D:1:      lightli_arrival_flooded_house, layout_loops_ring, serial_shops,
          nicolae_lakefront_shop
D:2:      layout_loops_ring, basic_altar

Skill      XL: |  1  2  3 |
---------------+----------+-----
Stealth        | 1 2 3 |  3.0
Throwing       | 2 |  2.1
Fighting       | |  2.0
Short Blades   | |  2.6
Dodging        | |  2.6

Action                   || total
-------------------------++-------
Melee: Rapier            ||    33
       Short sword       ||    66
       Touch             ||     3
Throw: Throwing net      ||     3
  Use: Potion            ||     2
 Stab: Held in net/web   ||     1
       Sleeping          ||     3
Armor: Leather armour    ||    31
Dodge: Dodged            ||    50
Block: Buckler           ||    12

Table legend: (Time is in decaauts)
 A = Elapsed time spent in this place.
 B = Non-inter-level travel time spent in this place.
 C = Inter-level travel time spent in this place.
 D = Time resting spent in this place.
 E = Time spent auto-exploring this place.
 F = Levels seen in this place.
 G = Mean time per level.
                   A        B        C        D        E       F      G
               +--------+--------+--------+--------+--------+-----+--------+
         Total |   1239 |   1171 |     68 |    368 |    588 |   2 |  619.5 |
       Dungeon |   1239 |   1171 |     68 |    368 |    588 |   2 |  619.5 |
               +--------+--------+--------+--------+--------+-----+--------+

Top non-repeatable levels by time:
     D:1: 1113 daAuts
     D:2: 125 daAuts
